 Dungeon Crawl Stone Soup version 0.24.0-125-gc4c63601f3 (webtiles) character file.

Game seed: 2302759014176447516, levelgen mode: deterministic

76999 Curus the Warrior (level 15, -14/105 HPs)
             Began as a Gargoyle Gladiator on Mar 8, 2020.
             Was a High Priest of Okawaru.
             Killed from afar by Jorgrun (35 damage)
             ... with an iron shot
             ... on level 13 of the Dungeon on Mar 9, 2020.
             The game lasted 02:31:58 (26614 turns).

Curus the Warrior (Gargoyle Gladiator)             Turns: 26614, Time: 02:31:58

Health: -14/105    AC: 39    Str: 19    XL:     15   Next: 55%
Magic:  0/20       EV:  8    Int:  9    God:    Okawaru [*****.]
Gold:   887        SH:  0    Dex: 25    Spells: 14/14 levels left

rFire    + . .     SeeInvis +   K - +3 quarterstaff (speed)
rCold    + . .     Gourm    .   (shield currently unavailable)
rNeg     + . .     Faith    .   P - +2 gold dragon scales
rPois    ∞         Spirit   +   c - +0 helmet
rElec    +         Reflect  .   Z - -4 cloak "Geotz" {Str+2 Dex+4 SInv} (curse)
rCorr    +         Harm     .   v - +1 pair of gloves
MR       ++...                  T - +2 pair of boots {run}
Stlth    ..........             g - amulet of guardian spirit
HPRegen  0.27/turn              M - ring of protection from magic
MPRegen  0.17/turn              E - ring of resist corrosion

@: agile, grasped by roots, flying, constricted, quick
A: big wings, dopey 1, negative energy resistance 1, screaming 1, electricity
resistance, unbreathing, petrification resistance, rot immunity, AC +11
a: Stop Flying, Heroism, Finesse, Renounce Religion


You were on level 13 of the Dungeon.
You worshipped Okawaru.
Okawaru was extremely pleased with you.
You were not hungry.

You visited 3 branches of the dungeon, and saw 21 of its levels.

You collected 2542 gold pieces.
You spent 1655 gold pieces at shops.

Inventory:

Hand Weapons
 a - a +0 quarterstaff of crushing
 K - a +3 quarterstaff of speed (weapon)
Missiles
 d - 3 throwing nets (quivered)
Armour
 c - a +0 helmet (worn)
 v - a +1 pair of gloves (worn)
 H - a +2 plate armour of magic resistance
 O - the +7 plate armour of Compression {+Blink Str+3 Stlth-}
   (You bought it in a shop on level 6 of the Dungeon)

   It affects your strength (+3).
   It lets you blink.
   It makes you less stealthy.
 P - +2 gold dragon scales (worn)
 S - a scarf of resistance
 T - a +2 pair of boots of running (worn)
 Z - the cursed -4 cloak "Geotz" (worn) {Str+2 Dex+4 SInv}
   (You found it on level 12 of the Dungeon)

   It affects your strength (+2).
   It affects your dexterity (+4).
   It lets you see invisible.
   It has a curse placed upon it.
Jewellery
 b - the ring "Periak" {rC+ AC+2 Int+2}
   (You acquired it on level 12 of the Dungeon)

   [ring of protection]

   It affects your AC (+2).
   It affects your intelligence (+2).
   It protects you from cold.
 g - an amulet of guardian spirit (around neck)
 k - an uncursed ring of magical power
 n - an uncursed amulet of magic regeneration
 q - an uncursed ring of magical power
 r - an uncursed ring of ice
 t - an uncursed ring of stealth
 u - an uncursed amulet of faith
 w - a +2 ring of strength
 z - an uncursed ring of wizardry
 A - an uncursed ring of wizardry
 E - a ring of resist corrosion (right hand)
 F - an uncursed ring of protection from fire
 G - a +3 ring of strength
 I - an uncursed ring of wizardry
 J - an uncursed ring of ice
 M - a ring of protection from magic (left hand)
 Q - an uncursed ring of fire
 R - an uncursed ring of see invisible
 W - an uncursed ring of flight
 X - a cursed ring of ice
Wands
 o - a wand of disintegration (11)
 y - a wand of iceblast (13)
 D - a wand of paralysis (7)
 N - a wand of flame (9)
 U - a wand of clouds (5)
 V - a wand of digging (3)
Scrolls
 e - 23 scrolls of identify
 i - 15 scrolls of remove curse
 l - 5 scrolls of magic mapping
 m - 14 scrolls of teleportation
 C - a scroll of blinking
 L - a scroll of amnesia
Potions
 j - 2 potions of magic
 p - 2 potions of agility
 s - 5 potions of brilliance
 Y - a potion of curing
Miscellaneous
 h - a lamp of fire
 x - a box of beasts
 B - a sack of spiders
Comestibles
 f - 38 rations


   Skills:
 + Level 16.3 Fighting
 - Level 14.0 Staves
 - Level 1.7 Throwing
 + Level 16.2 Armour
 - Level 2.4 Dodging
 - Level 7.0 Invocations
 - Level 4.0 Evocations


You had 14 spell levels left.
You didn't know any spells.
Your spell library contained the following spells:

 Spells                   Type           Power        Failure   Level  Hunger
 Animate Skeleton         Necr           N/A          100%        1    ##.....
 Beastly Appendage        Tmut           #.....       100%        1    ##.....
 Pain                     Necr           #...         100%        1    ##.....
 Shock                    Conj/Air       #...         100%        1    ##.....
 Sting                    Conj/Pois      #...         100%        1    ##.....
 Summon Small Mammal      Summ           #...         100%        1    ##.....
 Call Imp                 Summ           #.......     100%        2    ###....
 Poisonous Vapours        Pois/Air       #.....       100%        2    ###....
 Sticks to Snakes         Tmut           #.......     100%        2    ###....
 Swiftness                Chrm/Air       #.......     100%        2    ###....
 Call Canine Familiar     Summ           #.......     100%        3    ####...
 Mephitic Cloud           Conj/Pois/Air  #.......     100%        3    ####...
 Recall                   Summ/Tloc      N/A          100%        3    ####...
 Regeneration             Chrm/Necr      #.........   100%        3    ####...
 Spider Form              Tmut/Pois      #.........   100%        3    ####...
 Static Discharge         Conj/Air       #.......     100%        3    ####...
 Summon Guardian Golem    Hex/Summ       #.......     100%        3    ####...
 Vampiric Draining        Necr           #.........   100%        3    ####...
 Airstrike                Air            #.........   100%        4    #####..
 Animate Dead             Necr           N/A          100%        4    #####..
 Ice Form                 Ice/Tmut       #.......     100%        4    #####..
 Olgreb's Toxic Radiance  Pois           #.......     100%        4    #####..
 Summon Ice Beast         Ice/Summ       #.......     100%        4    #####..
 Summon Lightning Spire   Summ/Air       #.......     100%        4    #####..
 Aura of Abjuration       Summ           #.........   100%        5    ######.
 Blade Hands              Tmut           #.........   100%        5    ######.
 Lightning Bolt           Conj/Air       #.........   100%        5    ######.
 Summon Demon             Summ           #.........   100%        5    ######.
 Summon Forest            Summ/Tloc      #.........   100%        5    ######.
 Summon Mana Viper        Hex/Summ       #.......     100%        5    ######.
 Venom Bolt               Conj/Pois      #.........   100%        5    ######.
 Shadow Creatures         Summ           N/A          100%        6    #######


Dungeon Overview and Level Annotations

Branches:
Dungeon (13/15)            Temple (0/1) D:6            Lair (6/6) D:8
  Swamp (0/4) Lair:2       Spider (0/4) Lair:2        Slime (0/5) Lair:6
    Orc (2/2) D:11            Elf (0/3) Orc:2
 Vaults: D:13-14

Altars:
Ashenzari
Gozag
Okawaru
Qazlal
Ru
Sif Muna
Trog
Vehumet
Wu Jian
Yredelemnul
The Shining One

Shops:
D:6 [   D:8 [   D:11 ([   Orc:1 !   Orc:2 [*(:

Annotations:
D:13 2 transporters, Jorgrun; Wemm's ghost, journeyman SpEn


Innate Abilities, Weirdness & Mutations

You are resistant to torment.
Your stone body is resilient. (AC +11)
You are immune to poison.
Your large and strong wings let you fly indefinitely.
You resist negative energy. (rN+)
You are resistant to electric shocks. (rElec)
You can survive without breathing.
You are immune to petrification.
You are immune to rotting.
You are dopey. (Int -2)
You occasionally shout uncontrollably at your foes.


Message History

Jorgrun is heavily wounded.
The centaur warrior zombie hits you but does no damage.
The worker ant bites you but does no damage.
You sock Jorgrun!
Jorgrun is severely wounded.
You sock Jorgrun!
Jorgrun is severely wounded.
The centaur warrior zombie hits you but does no damage.
Jorgrun hits you but does no damage.
* * * LOW HITPOINT WARNING * * *
The grasping roots constrict you.
You hit Jorgrun.
Jorgrun is severely wounded.
The worker ant bites you but does no damage.
The centaur warrior zombie hits you but does no damage.
You hit Jorgrun.
Jorgrun is almost dead.
Jorgrun gestures at you while chanting. The iron shot hits you!!!
You die...

###.....#.....###..###..###
........#.###..............
####....#.# ##..........###
#######.# #.#.#.....##
#.......# #.#....####
#.####### #.#.#..#### ##.#
.####.........#
##..#####......Zg#####>#
..........###..#@# #
........P.##...#a#
P..≈≈P....#.#. #..
..≈≈≈≈....### #.##
..≈≈≈≈≈≈... ..# .≈≈≈≈≈≈≈P..
..# .≈≈≈≈≈≈.≈.. ..#
.≈≈≈≈≈≈... ##?# ≈≈≈≈≈P....


You could see Jorgrun, a worker ant and a centaur warrior zombie.

Vanquished Creatures
  An orc warlord (Orc:1)
  Snorg (Lair:4)
  A dire elephant (Lair:6)
  An ettin (D:12)
  Fannar (D:12)
  A catoblepas (Lair:6)
  6 hydras
  7 death yaks (Lair:6)
  2 centaur warriors
  A deep troll shaman (Lair:6)
  4 orc high priests
  Urug (D:12)
  Nergalle (Lair:2)
  3 unseen horrors
  5 orc knights
  4 orc sorcerers
  3 cyclopes (D:12)
  A faun (shapeshifter) (D:12)
  An oklob plant (Lair:6)
  5 ugly things
  7 elephants
  7 black mambas
  4 gargoyles
  A torpor snail (Lair:3)
  12 spiny frogs
  7 komodo dragons
  A rime drake (Lair:4)
  A queen bee (Lair:2)
  A merfolk (D:10)
  7 trolls
  2 polar bears
  A hornet (D:9)
  23 blink frogs
  9 slime creatures
  10 hippogriffs
  A spriggan (Lair:1)
  2 shadows
  4 basilisks
  A human (D:2)
  41 yaks
  3 wyverns (Lair:5)
  A hungry ghost (D:12)
  2 vampire mosquitoes (D:13)
  2 wargs (Orc:2)
  2 acid dragons (D:12)
  A soldier ant (D:11)
  28 water moccasins
  6 porcupines
  4 ice beasts
  5 sky beasts
  52 orc warriors
  4 black bears
  2 phantoms
  3 necrophages
  13 ogres
  10 wolves (Lair:6)
  5 centaurs
  6 crocodiles
  15 bullfrogs
  A wyvern skeleton (D:9)
  2 scorpions
  27 killer bees
  5 wights (D:11)
  3 electric eels
  A howler monkey (D:4)
  2 crimson imps
  A bullfrog zombie (D:12)
  A centaur zombie (D:10)
  A jelly (D:4)
  A human zombie (D:2)
  7 hounds
  22 orc priests
  2 centaur skeletons (D:10)
  Terence (D:2)
  4 iguanas
  32 orc wizards
  2 hell rats
  9 worker ants
  A hound skeleton (D:8)
  A worker ant zombie (D:8)
  3 gnolls (D:9)
  29 adders
  10 river rats
  A shadow imp (D:10)
  2 oozes
  2 adder zombies
  3 adder skeletons (D:4)
  3 worms
  A dart slug (D:2)
  9 leopard geckos
  108 orcs
  8 bats
  6 giant cockroaches
  12 goblins
  6 hobgoblins
  14 jackals
  6 quokkas
  8 frilled lizards
  9 kobolds
  13 rats
  A bush (Lair:6)
736 creatures vanquished.

Vanquished Creatures (others)
  An unseen horror (D:13)
  5 fungi
  9 plants
15 creatures vanquished.

Grand Total: 751 creatures vanquished

Notes
Turn   | Place    | Note
-------+----------+-------------------------------------------
     0 | D:1      | Curus the Gargoyle Gladiator began the quest for the Orb.
     0 | D:1      | Reached XP level 1. HP: 12/12 MP: 1/1
    79 | D:1      | Reached XP level 2. HP: 15/17 MP: 2/2
   229 | D:1      | Reached XP level 3. HP: 16/21 MP: 3/3
   579 | D:2      | Noticed Terence
   586 | D:2      | Killed Terence
   586 | D:2      | Reached skill level 5 in Staves
   586 | D:2      | Reached XP level 4. HP: 24/26 MP: 4/4
   810 | D:2      | You fall into a shaft and drop 1 floor!
   819 | D:3      | Reached XP level 5. HP: 30/30 MP: 5/5
  1329 | D:2      | Found a faded altar of an unknown god.
  1603 | D:2      | Found a runed translucent door.
  1603 | D:2      | Noticed a human
  1618 | D:2      | Found a basalt altar of Yredelemnul.
  1661 | D:2      | Killed a human
  1661 | D:2      | Reached XP level 6. HP: 14/35 MP: 6/6
  2227 | D:4      | Found an iron altar of Okawaru.
  2230 | D:4      | Became a worshipper of Warmaster Okawaru
  2272 | D:4      | Reached XP level 7. HP: 21/40 MP: 7/7
  2824 | D:4      | Found an ornate altar of the Wu Jian Council.
  3170 | D:5      | Entered Level 5 of the Dungeon
  3259 | D:5      | Reached * piety under Okawaru
  3259 | D:5      | Reached XP level 8. HP: 14/44 MP: 8/8
  3527 | D:5      | Found a bloodstained altar of Trog.
  3924 | D:5      | Found a radiant altar of Vehumet.
  4277 | D:6      | Found a staircase to the Ecumenical Temple.
  4404 | D:6      | Found an opulent altar of Gozag.
  4405 | D:6      | Found a glowing golden altar of the Shining One.
  4412 | D:6      | Gained mutation: You occasionally shout uncontrollably at
                  | your foes. [potion of mutation]
  4412 | D:6      | Gained mutation: Your large and strong wings let you fly
                  | indefinitely. [potion of mutation]
  4471 | D:6      | Found a sacrificial altar of Ru.
  4489 | D:6      | Found Ugiqughont's Antique Armour Boutique.
  4497 | D:6      | Bought a pair of runed gloves for 172 gold pieces
  5174 | D:7      | Reached skill level 10 in Staves
  6177 | D:8      | Found Qorghoesk's Armour Boutique.
  6211 | D:8      | Found a stormy altar of Qazlal.
  6437 | D:8      | Found a shattered altar of Ashenzari.
  6505 | D:8      | Found a staircase to the Lair.
  6513 | Lair:1   | Entered Level 1 of the Lair of Beasts
  6513 | Lair:1   | Noticed a spiny frog
  6520 | Lair:1   | Reached ** piety under Okawaru
  6527 | Lair:1   | Reached skill level 1 in Armour
  6527 | Lair:1   | Reached XP level 9. HP: 44/49 MP: 9/9
  6549 | Lair:1   | Killed a spiny frog
  6656 | Lair:1   | Reached skill level 5 in Fighting
  6792 | Lair:1   | Reached *** piety under Okawaru
  6858 | Lair:1   | Reached skill level 5 in Armour
  6864 | Lair:1   | Noticed a spiny frog
  6868 | Lair:1   | Noticed a black mamba
  6882 | Lair:1   | Killed a spiny frog
  6901 | Lair:1   | Killed a black mamba
  6901 | Lair:1   | Reached **** piety under Okawaru
  6901 | Lair:1   | Reached XP level 10. HP: 11/61 MP: 5/10
  6933 | Lair:1   | HP: 1/63 [yak (6)]
  7111 | Lair:1   | Reached ***** piety under Okawaru
  7741 | Lair:2   | Received a gift from Okawaru
  7822 | Lair:2   | Reached XP level 11. HP: 32/72 MP: 11/11
  7836 | Lair:2   | Received a gift from Okawaru
  7950 | Lair:2   | Reached skill level 10 in Fighting
  7952 | Lair:2   | Found a hole to the Spider Nest.
  8007 | Lair:2   | Noticed Nergalle
  8041 | Lair:2   | Killed Nergalle
  8041 | Lair:2   | Reached skill level 10 in Armour
  8058 | Lair:2   | Found a staircase to the Swamp.
  8886 | Lair:2   | Reached ****** piety under Okawaru
  9557 | Lair:2   | Noticed a five-headed hydra
  9577 | Lair:2   | Killed a five-headed hydra
  9577 | Lair:2   | Reached XP level 12. HP: 32/81 MP: 7/12
 10506 | Lair:3   | Received a gift from Okawaru
 10589 | Lair:3   | Noticed a seven-headed hydra
 10604 | Lair:3   | Killed a seven-headed hydra
 10787 | Lair:3   | Noticed a four-headed hydra
 10802 | Lair:3   | Killed a four-headed hydra
 11923 | Lair:4   | Noticed Snorg
 12310 | Lair:4   | Received a gift from Okawaru
 12515 | Lair:4   | Killed Snorg
 12939 | Lair:4   | Received a gift from Okawaru
 13151 | Lair:5   | Noticed a seven-headed hydra
 13177 | Lair:4   | Reached XP level 13. HP: 40/89 MP: 10/13
 14914 | D:6      | Bought a bloodstained plate armour for 644 gold pieces
 14924 | D:6      | Identified the +7 plate armour of Compression {+Blink Str+3
                  | Stlth-} (You bought it in a shop on level 6 of the Dungeon)
 15130 | Lair:6   | Entered Level 6 of the Lair of Beasts
 15142 | Lair:6   | Received a gift from Okawaru
 15189 | Lair:6   | Reached skill level 1 in Invocations
 15835 | Lair:6   | Found a staircase to the Slime Pits.
 15941 | Lair:6   | Reached skill level 5 in Invocations
 16138 | Lair:6   | Noticed a dire elephant
 16174 | Lair:6   | Received a gift from Okawaru
 16196 | Lair:6   | Mutation became permanent: Your large and strong wings let
                  | you fly indefinitely. [Gargoyle growth]
 16196 | Lair:6   | Gained mutation: Your large and strong wings let you fly
                  | indefinitely. [Gargoyle growth]
 16196 | Lair:6   | Reached XP level 14. HP: 41/96 MP: 9/18
 16234 | Lair:6   | Killed a dire elephant
 16819 | Lair:6   | Reached skill level 1 in Evocations
 17731 | D:9      | Identified the +5 trident of Law {flame, rElec rPois rF+}
 17779 | D:9      | Found a shimmering blue altar of Sif Muna.
 18066 | D:10     | Entered Level 10 of the Dungeon
 18717 | D:10     | Received a gift from Okawaru
 19204 | D:11     | Found Jauxteobb's Weapon Shoppe.
 19214 | D:11     | Found a staircase to the Orcish Mines.
 19226 | D:11     | Found Ojafolodisu's Armour Shoppe.
 19261 | Orc:1    | Entered Level 1 of the Orcish Mines
 19422 | Orc:2    | Entered Level 2 of the Orcish Mines
 20354 | D:11     | You are sucked into a shaft and drop 1 floor!
 20411 | D:8      | Bought a +2 pair of boots of running for 539 gold pieces
 20850 | Orc:2    | Found a staircase to the Elven Halls.
 20941 | Orc:1    | Found Hanwaciw's Distillery.
 21336 | Orc:1    | Bought a potion of berserk rage for 75 gold pieces
 21336 | Orc:1    | Bought a potion of berserk rage for 75 gold pieces
 21336 | Orc:1    | Bought a potion of agility for 60 gold pieces
 21336 | Orc:1    | Bought a potion of curing for 45 gold pieces
 21336 | Orc:1    | Bought a potion of curing for 45 gold pieces
 21631 | Orc:2    | Reached skill level 15 in Fighting
 22148 | Orc:2    | Noticed an orc warlord
 22490 | Orc:2    | Received a gift from Okawaru
 22491 | Orc:2    | Got a faintly humming robe {god gift}
 22562 | Orc:2    | Reached skill level 15 in Armour
 22932 | Orc:1    | Killed an orc warlord
 22952 | Orc:2    | Gained mutation: You are dopey. (Int -2) [a neqoxec]
 22985 | Orc:1    | Reached XP level 15. HP: 48/103 MP: 20/20
 23962 | Orc:2    | Found Xuumarur's General Store.
 23963 | Orc:2    | Found Luag's Book Shop.
 23965 | Orc:2    | Found Itwyhao's Antique Armour Boutique.
 23965 | Orc:2    | Found Ogeomilar's Antique Weapon Boutique.
 24119 | D:12     | Found a runed translucent door.
 24491 | D:12     | Noticed Fannar
 24532 | D:12     | Killed Fannar
 24684 | D:12     | Identified a scroll of acquirement
 24685 | D:12     | Got a bound silver ring
 24687 | D:12     | Identified the ring "Periak" {rC+ AC+2 Int+2} (You acquired
                  | it on level 12 of the Dungeon)
 24816 | D:12     | Noticed Urug
 24842 | D:12     | Killed Urug
 25088 | D:12     | Received a gift from Okawaru
 26085 | D:12     | Got a fine cloak
 26105 | D:12     | Identified the cursed -4 cloak "Geotz" {Str+2 Dex+4 SInv}
                  | (You found it on level 12 of the Dungeon)
 26249 | D:13     | Found a transporter.
 26459 | D:13     | Noticed Wemm's ghost (journeyman SpEn)
 26482 | D:13     | Found a transporter.
 26562 | D:13     | Noticed Jorgrun
 26614 | D:13     | Killed from afar by Jorgrun

Levels and vault maps discovered:
D:1:      dpeg_arrival_rooms_a, layout_rooms, grunt_decor_cap
D:2:      minmay_skewed_foursquare, layout_rooms,
          chequers_ecumenical_altar_grove, first_ration, dk_yredelemnul_ordeal,
          uniq_terence
D:3:      layout_basic
D:4:      layout_basic, kennysheep_mini_moat, lemuel_doored_altar,
          item_on_display_a
D:5:      layout_basic, fiery_altar_vehumet, supply_closet_lemuel, bloody_trog
D:6:      layout_cave_pods, nicolae_ru_path_of_blood,
          gammafunk_temple_overflow_pools, minmay_temple_entry_grid,
          serial_shops, shop
D:7:      layout_basic
D:8:      layout_gridville, lemuel_coloured_pillars_altar,
          nicolae_qazlal_general_emergency, lair_entry_dummy, serial_shops, shop
D:9:      layout_loops_ring, tgw_sif
D:10:     layout_cave_pods, hangedman_fish_farm, minmay_shattered_shrine
D:11:     layout_loops_corners, orc_david_3
D:12:     layout_grid_maze, special_room [special_room_orc], minmay_st_funbox,
          uniq_urug, uniq_fannar
D:13:     layout_loops_ring, gammafunk_ghost_berserking_beasts,
          serial_co_window_serial, co_window_corner_a, co_window_paths_b,
          co_window_paths_b, co_window_corner_a, co_window_paths_b,
          co_window_corner_cb, co_window_cross_4, co_window_broadway_a,
          co_window_cross_4, fungi_pond_lemuel, uniq_jorgrun
Lair:1:   layout_gridlike, grunt_forest_large_clearing_hut, grunt_megastairs_4
Lair:2:   lemuel_reptile_caves, layout_cave_pods, swamp_mist,
          dummy_spider_entry, special_room [special_room_bee], uniq_nergalle
Lair:3:   layout_long_grid, special_room, kennysheep_rathole
Lair:4:   layout_layer_cave, cheibrodos_lair_reptile_den, uniq_snorg
Lair:5:   layout_regular_city, beast_lair_carwin_3
Lair:6:   grunt_lair_end_beastmaster, layout_regular_city, slime_dummy,
          minmay_lair_oklob_bushes, small_statue_intersection,
          serial_bayou_ford_a, infiniplex_staircase_pool
Orc:1:    layout_caves, serial_shops, nicolae_shop_waterfront
Orc:2:    st_orc_congregation, layout_diamond_mine

Skill      XL: |  1  2  3  4  5  6  7  8  9 10 11 12 13 14 15 |
---------------+----------------------------------------------+-----
Staves         | 4 5 7 9 11 12 14 | 14.0
Armour         | 1 6 9 11 13 14 15 16 | 16.2
Fighting       | 6 9 12 13 14 15 16 | 16.3
Invocations    | 6 7 |  7.0
Evocations     | 4 |  4.0
Throwing       | |  1.7
Dodging        | |  2.4

Action                   |  1- 3 |  4- 6 |  7- 9 | 10-12 | 13-15 || total
-------------------------+-------+-------+-------+-------+-------++-------
Melee: Quarterstaff      |    99 |   220 |   399 |  1156 |  2595 ||  4469
Throw: Throwing net      |       |       |     1 |     1 |       ||     2
Invok: Heroism           |       |       |     1 |     4 |     4 ||     9
Evoke: Wand              |       |       |       |     6 |    13 ||    19
       Sack of spiders   |       |       |       |     1 |     2 ||     3
  Use: Scroll            |     5 |     2 |     5 |     4 |     8 ||    24
       Potion            |     1 |     2 |     6 |     5 |     9 ||    23
  Eat: Chunk             |       |     4 |     8 |    14 |    29 ||    55
       Ration            |       |       |     2 |     2 |     5 ||     9
Armor: Leather armour    |     8 |       |       |       |       ||     8
       Plate armour      |    92 |   205 |   295 |  1293 |  1197 ||  3082
       Gold dragon scale |       |       |       |       |    50 ||    50
Dodge: Dodged            |    51 |    50 |    94 |   590 |   520 ||  1305
